 Dungeon Crawl Stone Soup version 0.31-a0-365-gcf821cafb2 (webtiles) character file.

Game seed: 9650119659697555817

38 EonArisen the Changeling (level 3, -1/26 HPs)
             Began as a Merfolk Shapeshifter on July 27, 2023.
             Was a Follower of Elyvilon.
             Slain by a kobold
             ... wielding a +2 whip of pain
              (6 damage)
             ... on level 4 of the Dungeon.
             The game lasted 00:09:13 (884 turns).

EonArisen the Changeling (Merfolk Shapeshifter)      Turns: 884, Time: 00:09:15

Health: -1/26      AC:  3    Str: 15    XL:     3   Next: 43%
Magic:  3/3        EV: 13    Int:  7    God:    Elyvilon [*.....]
Gold:   53         SH:  0    Dex: 16    Spells: 2/2 levels left

rFire   . . .        m - +0 falchion
rCold   + . .        (no shield)
rNeg    . . .        j - +0 leather armour {rC+}
rPois   .            (helmet currently unavailable)
rElec   .            (cloak currently unavailable)
rCorr   .            (gloves currently unavailable)
SInv    .            (boots currently unavailable)
Will    .....        (no amulet)
Stlth   +            (no ring)
HPRegen 0.24/turn    (no ring)
MPRegen 0.08/turn

%: no passive effects
@: beast-form
A: beast (slay +3), (nimble swimmer 2), mertail
a: Begin Untransformation, Renounce Religion, Purification


You were on level 4 of the Dungeon.
You worshipped Elyvilon.
Elyvilon was aware of your devotion.
You were a hulking beast.
You visited 1 branch of the dungeon, and saw 4 of its levels.

You collected 53 gold pieces.

Inventory:

Hand Weapons
 m - a +0 falchion (weapon)
Missiles
 g - a datura-tipped dart (quivered)
 n - 7 stones
Armour
 a - a +0 animal skin
 f - a +0 leather armour
 i - a +0 ring mail
 j - a +0 leather armour of cold resistance (worn)
Talismans
 c - a beast talisman
Scrolls
 d - a scroll of teleportation {unknown}
 h - a scroll of fog {unknown}
 k - a scroll of poison {unknown}
Potions
 b - a potion of lignification
 e - 2 potions of haste {unknown}
 l - a potion of curing {unknown}


   Skills:
 + Level 1.1 Fighting
 + Level 0.3 Short Blades
 + Level 3.5 Dodging
 + Level 0.8 Stealth
 + Level 3.8 Unarmed Combat
 + Level 4.3 Shapeshifting


You had 2 spell levels left.
You didn't know any spells.
Your spell library was empty.

Dungeon Overview and Level Annotations

Branches:
Dungeon (4/15)
 Temple: D:4-7

Altars:
Elyvilon

Annotations:
D:4 Grinder


Innate Abilities, Weirdness & Mutations

You are a hulking beast.
Your limbs bulge with bestial killing power. (Slay +3)
((You are very nimble when in or above water. (Stealth+, EV+, Speed+++)))
Your lower body shifts to a powerful aquatic tail in water.


Message History

There is a stone staircase leading down here.
Grinder hits you.
You writhe in agony.
You climb downwards.
Found five items.
Found a stone staircase leading up.
There is a stone staircase leading up here.
Throw: 3 darts (datura)
Press: ? - help, Q - select action, (/) - cycle Shift-Dir - straight line, f - Grinder
Aim: Grinder (57% to hit, chance to frenzy on hit: 3%)
You throw a datura-tipped dart.
The datura-tipped dart closely misses Grinder.
The adder hisses angrily.
Grinder closely misses you.
You closely miss Grinder.
Grinder says, "Wait up."
Grinder gestures at you. You resist with significant effort.
You hit Grinder but do no damage.
Grinder blinks!
The adder barely misses you.
Grinder blinks!
The adder completely misses you. The adder attacks as you move away!
The adder closely misses you.
You closely miss the adder. The adder bites you. The adder closely misses you.
You closely miss the adder. The adder barely misses you.
Grinder blinks!
A kobold comes into view. It is wielding a +2 whip of pain.
The adder bites you.
* * * LOW HITPOINT WARNING * * *
The kobold shouts!
You slash the adder!
The adder is severely wounded.
The adder bites you.
* * * LOW HITPOINT WARNING * * *
You slash the adder!
You kill the adder!
Grinder blinks!
Throw: 2 darts (datura)
Press: ? - help, Q - select action, (/) - cycle Shift-Dir - straight line, f/p - Grinder
Aim: Grinder (57% to hit, chance to frenzy on hit: 3%)
You throw a datura-tipped dart.
The datura-tipped dart barely misses Grinder.
The kobold hits you with a +2 whip of pain.
You die...

#..............
#..................
#.........<...(....
#............5.$.)
#...............#
#...............#
#......K?......◎#
#......h........#
#........†.<.(..#
#################


You could see Grinder and a kobold.

Vanquished Creatures
  An adder (D:4)
  2 worms
  4 ball pythons
  3 endoplasms (D:2)
  A giant cockroach (D:3)
  A goblin (D:2)
  A hobgoblin (D:2)
  2 jackals (D:2)
  3 kobolds (D:2)
  A bat (D:2)
  2 rats (D:2)
21 creatures vanquished.

Notes
Turn   | Place    | Note
-------+----------+-------------------------------------------
     0 | D:1      | EonArisen the Merfolk Shapeshifter began the quest for the
                  | Orb.
     0 | D:1      | Reached XP level 1. HP: 15/15 MP: 1/1
   196 | D:2      | Reached XP level 2. HP: 18/21 MP: 2/2
   564 | D:3      | Noticed an ice beast
   601 | D:3      | Reached XP level 3. HP: 23/26 MP: 3/3
   635 | D:3      | Found a faded altar of an unknown god.
   641 | D:3      | Prayed at the altar of an unknown god.
   641 | D:3      | Became a worshipper of Elyvilon the Healer
   641 | D:3      | Reached * piety under Elyvilon
   851 | D:3      | Noticed Grinder
   884 | D:4      | Slain by a kobold

Illustrated notes

Levels and vault maps discovered:
D:1:      dpeg_arrival_another_circle, layout_rooms, minivault_11
D:2:      layout_rooms
D:3:      layout_rooms, nicolae_overflow_squiral, ebering_ecumenical_altar_box,
          uniq_grinder, uniq_terence
D:4:      cheibrodos_thug_alley, layout_basic,
          minmay_temple_entry_gardened_gates

Skill      XL: |  1  2 |
---------------+-------+-----
Dodging        | 3 |  3.5
Fighting       | |  1.1
Short Blades   | |  0.3
Stealth        | |  0.8
Unarmed Combat | |  3.8
Shapeshifting  | |  4.3

Action                     || total
---------------------------++-------
  Melee: Unarmed           ||    15
         Short sword       ||    38
         Punch             ||     2
         Falchion          ||     7
  Throw: Dart              ||     2
   Stab: Sleeping          ||     1
 Armour: Animal skin       ||     4
  Dodge: Dodged            ||    52
         Form:             ||     1
         Beast             ||     1

Table legend: (Time is in decaauts)
 A = Elapsed time spent in this place.
 B = Non-inter-level travel time spent in this place.
 C = Inter-level travel time spent in this place.
 D = Time resting spent in this place.
 E = Time spent auto-exploring this place.
 F = Levels seen in this place.
 G = Mean time per level.
                   A        B        C        D        E       F      G
               +--------+--------+--------+--------+--------+-----+--------+
         Total |    883 |    881 |      2 |     60 |      0 |   4 |  220.8 |
       Dungeon |    883 |    881 |      2 |     60 |      0 |   4 |  220.8 |
               +--------+--------+--------+--------+--------+-----+--------+

Top non-repeatable levels by time:
     D:2: 469 daAuts
     D:3: 304 daAuts
     D:1: 93 daAuts
     D:4: 15 daAuts
